 Dungeon Crawl Stone Soup version 0.27.1-33-g824d729ab1 (webtiles) character file.

Game seed: 13682400662643266372

2198 potato4science the Shield-Bearer (level 9, -12/75 HPs)
             Began as a Minotaur Fighter on Dec 19, 2021.
             Was a Believer of Okawaru.
             Shot with a bolt by an orc warrior (16 damage)
             ... in a bailey.
             The game lasted 00:39:50 (7918 turns).

potato4science the Shield-Bearer (Minotaur Fighter) Turns: 7918, Time: 00:39:51

Health: -12/75     AC: 14    Str: 21    XL:     9   Next: 12%
Magic:  11/11      EV:  6    Int:  8    God:    Okawaru [**....]
Gold:   418        SH: 11    Dex: 15    Spells: 11/12 levels left

rFire    + . .     SeeInvis .   a - +7 broad axe of Mimetu {flame, *Noise rPois Dex+5}
rCold    + . .     Faith    +   c - +0 kite shield
rNeg     . . .     Spirit   .   q - +0 plate armour
rPois    +         Reflect  .   (helmet restricted)
rElec    .         Harm     .   y - scarf {rC+ rF+}
rCorr    .         Rampage  .   C - +0 pair of gloves
Will     +....                  (no boots)
Stlth    ..........             E - amulet of faith
HPRegen  0.22/turn              p - ring of willpower
MPRegen  0.12/turn              (no ring)

@: about to teleport, flying
A: horns 2, retaliatory headbutt
a: Renounce Religion, Heroism


You were in a bailey.
You worshipped Okawaru.
Okawaru was pleased with you.
You visited 2 branches of the dungeon, and saw 8 of its levels.
You also visited: Bailey.

You collected 496 gold pieces.
You spent 78 gold pieces at shops.

Inventory:

Hand Weapons
 a - the +7 broad axe of Mimetu (weapon) {flame, *Noise rPois Dex+5}
   (You acquired it on level 4 of the Dungeon)

   It burns those it strikes, dealing additional fire damage.
   Big, fiery blades are also staple armaments of hydra-hunters.
   Dex:       It affects your dexterity (+5).
   rPois:     It protects you from poison.
   *Noise:    It may make noises in combat.
 b - the +6 hand axe "Keicw" {drain, rElec SInv}
   (You found it on level 4 of the Dungeon)

   A truly terrible weapon, it drains the life of any living foe it strikes.
   rElec:     It insulates you from electricity.
   SInv:      It lets you see invisible.
 f - a +0 war axe
Missiles
 s - 2 curare-tipped darts
 u - 6 javelins (quivered)
 x - 3 poisoned darts
Armour
 c - a +0 kite shield (worn)
 q - a +0 plate armour (worn)
 y - a scarf of resistance (worn)
 C - a +0 pair of gloves (worn)
Jewellery
 e - an amulet of the acrobat
 p - a ring of willpower (left hand)
 t - a ring of fire
 E - an amulet of faith (around neck)
Wands
 m - a wand of flame (35)
 n - a wand of charming (8)
 w - a wand of mindburst (3)
Scrolls
 A - a scroll of silence {unknown}
 F - a scroll of vulnerability {unknown}
Potions
 d - 4 potions of might
 h - a potion of brilliance {unknown}
 i - a potion of cancellation {unknown}
 k - 4 potions of curing
 l - 2 potions of attraction {unknown}
 o - a potion of ambrosia {unknown}
 r - a potion of resistance {unknown}
 v - a potion of berserk rage
 D - a potion of haste {unknown}


   Skills:
 + Level 6.1 Fighting
 * Level 7.0 Axes
 + Level 6.2 Armour
 + Level 3.6 Dodging
 * Level 7.5 Shields
 - Level 2.0 Spellcasting
 * Level 3.7 Translocations


You had 11 spell levels left.
You knew the following spells:

 Your Spells              Type           Power      Damage    Failure   Level
a - Apportation           Tloc           12%        N/A       99%         1

Your spell library contained the following spells:

 Spells                   Type           Power      Damage    Failure   Level
 Static Discharge         Conj/Air       0%         N/A       100%        2
 Inner Flame              Hex/Fire       0%         N/A       100%        3
 Cause Fear               Hex            0%         N/A       100%        4
 Dispel Undead            Necr           0%         3d6       100%        4
 Sticky Flame             Conj/Fire      0%         2d3       100%        4
 Alistair's Intoxication  Tmut/Pois      0%         N/A       100%        5
 Summon Forest            Summ/Tloc      1%         N/A       100%        5
 Summon Mana Viper        Hex/Summ       0%         N/A       100%        5
 Invisibility             Hex            0%         N/A       100%        6
 Shadow Creatures         Summ           N/A        N/A       100%        6
 Discord                  Hex            0%         N/A       100%        8


Dungeon Overview and Level Annotations

Branches:
Dungeon (7/15)             Temple (1/1) D:5          Bailey (1/1)

Altars:
Ashenzari
Cheibriados
Dithmenos
Fedhas
Hepliaklqana
Kikubaaqudgha
Makhleb
Okawaru
Ru
Sif Muna
Trog
Uskayaw
Vehumet
Wu Jian
Xom
Zin
The Shining One

Shops:
D:1 [   D:3 :*:

Annotations:
D:3 1 runed translucent door, lonewolfV2's ghost, amateur MiFi


Innate Abilities, Weirdness & Mutations

You have a pair of horns on your head.
You reflexively headbutt those who attack you in melee.


Message History

You kill the orc warrior!
Okawaru accepts your kill.
The orc shoots a bolt.
You block the bolt.
The orc shoots a bolt.
The bolt hits you.
* * * LOW HITPOINT WARNING * * *
The orc shoots a bolt.
You block the bolt.
The orc shoots a bolt.
You block the bolt.
The orc shoots a bolt.
The bolt hits you but does no damage.
Your Axes skill increases to level 7!
The orc shoots a bolt.
The bolt hits you but does no damage.
The orc shoots a bolt.
The bolt hits you.
* * * LOW HITPOINT WARNING * * *
The orc shoots a bolt.
The bolt hits you.
* * * LOW HITPOINT WARNING * * *
The orc shoots a bolt.
The bolt hits you!
* * * LOW HITPOINT WARNING * * *
You feel much better.
The orc shoots a bolt.
The bolt hits you!
* * * LOW HITPOINT WARNING * * *
The orc shoots a bolt.
You block the bolt.
Blink to where?
Press: ? - help, Dir - move target An orc warrior comes into view.
It is wielding a +0 arbalest.
As you read the scroll of blinking, it crumbles to dust.
The orc warrior shouts!
The orc shouts!
You hear a shout! x2
The orc shoots a bolt.
The bolt hits you but does no damage.
The orc warrior shoots a bolt.
The bolt hits you but does no damage.
You feel much better.
The orc shoots a bolt.
The bolt hits you!
* * * LOW HITPOINT WARNING * * *
The orc warrior shoots a bolt.
The bolt hits you.
* * * LOW HITPOINT WARNING * * *
You hear a shout!
It was a potion of flight.
You feel very buoyant.
You fly up into the air.
The orc shoots a bolt.
You block the bolt.
The orc warrior shoots a bolt.
You block the bolt.
As you read the scroll of teleportation, it crumbles to dust.
You feel strangely unstable.
The orc shoots a bolt.
The bolt hits you!
* * * LOW HITPOINT WARNING * * *
The orc warrior shoots a bolt.
The bolt hits you!
You die...

#........
#.....o..
#........
#......≈≈
#......≈≈
#......≈#
#......≈o
#@.....≈#
#......≈≈
#......≈≈≈
#......≈≈≈≈
#......≈≈≈≈
#......≈≈≈≈
#......≈≈≈≈
#......≈≈≈≈
#......≈≈≈≈


You could see an orc warrior and an orc.

Vanquished Creatures
  A deep elf zephyrmancer (D:6)
  Prince Ribbit (D:6)
  Grinder (D:5)
  A water moccasin (D:6)
  An ice beast (D:5)
  2 orc warriors
  A necrophage (D:6)
  2 ogres (D:5)
  A phantom (D:5)
  A scorpion (D:6)
  A bullfrog zombie (D:7)
  A jelly (D:6)
  A bullfrog skeleton (D:5)
  3 orc priests
  Crazy Yiuf (D:5)
  A gnoll shaman (D:6)
  2 hounds (D:5)
  An orc wizard (D:5)
  A scorpion zombie (D:4)
  2 iguanas
  A killer bee zombie (D:6)
  7 adders
  2 white imps
  2 ufetubi (D:6)
  2 dart slugs (D:1)
  17 orcs
  9 ball pythons
  5 endoplasms
  10 giant cockroaches
  7 goblins
  9 hobgoblins
  7 jackals (D:3)
  2 quokkas
  5 bats
  5 frilled lizards
  7 kobolds
  5 rats
128 creatures vanquished.

Vanquished Creatures (others)
  3 fungi (D:6)
  3 toadstools (D:6)
6 creatures vanquished.

Grand Total: 134 creatures vanquished

Notes
Turn   | Place    | Note
-------+----------+-------------------------------------------
     0 | D:1      | potato4science the Minotaur Fighter began the quest for the
                  | Orb.
     0 | D:1      | Reached XP level 1. HP: 19/19 MP: 0/0
   119 | D:1      | Reached XP level 2. HP: 27/27 MP: 1/1
   602 | D:1      | Reached XP level 3. HP: 30/33 MP: 2/2
   649 | D:1      | Found Qukhien's Armour Shop.
  1161 | D:2      | Reached XP level 4. HP: 36/40 MP: 3/3
  1219 | D:2      | Found a faded altar of an unknown god.
  1414 | D:2      | Found a snail-covered altar of Cheibriados.
  1623 | D:3      | Found a bloodstained altar of Trog.
  1650 | D:3      | Learned a level 1 spell: Apportation
  1811 | D:3      | Found a broken altar of Ashenzari.
  1859 | D:3      | Found Tufoqed's General Store.
  1870 | D:3      | Bought a potion of degeneration for 11 gold pieces
  1870 | D:3      | Bought a scroll of identify for 22 gold pieces
  2093 | D:3      | Found Doegun's Book Emporium.
  2141 | D:3      | Found a runed translucent door.
  2144 | D:3      | Noticed lonewolfV2's ghost (amateur MiFi)
  2399 | D:3      | Found a burning altar of Makhleb.
  2412 | D:3      | Found Ytteudd's Book Emporium.
  2577 | D:3      | Found an iron altar of Okawaru.
  2921 | D:4      | Reached XP level 5. HP: 41/47 MP: 4/4
  2941 | D:4      | Identified a scroll of acquirement
  2941 | D:4      | Acquired the +7 broad axe of Mimetu {flame, *Noise rPois
                  | Dex+5}
  3427 | D:4      | Reached skill level 1 in Translocations
  3465 | D:4      | Identified the +6 hand axe "Keicw" {drain, rElec SInv}
  4033 | D:5      | Entered Level 5 of the Dungeon
  4069 | D:5      | Noticed a phantom
  4157 | D:5      | Noticed Grinder
  4185 | D:5      | Killed Grinder
  4186 | D:5      | Reached skill level 1 in Dodging
  4186 | D:5      | Reached skill level 5 in Shields
  4186 | D:5      | Reached skill level 1 in Spellcasting
  4186 | D:5      | Reached XP level 6. HP: 51/53 MP: 6/6
  4226 | D:5      | Reached skill level 5 in Armour
  4226 | D:5      | Reached XP level 7. HP: 55/60 MP: 6/8
  4787 | D:5      | Found a staircase to the Ecumenical Temple.
  4797 | Temple   | Entered the Ecumenical Temple
  5152 | D:1      | Bought a +0 pair of gloves for 45 gold pieces
  5245 | D:3      | Became a worshipper of Warmaster Okawaru
  5299 | D:5      | Reached skill level 5 in Fighting
  5380 | D:5      | Reached skill level 5 in Axes
  5719 | D:5      | Reached * piety under Okawaru
  5727 | D:5      | Reached XP level 8. HP: 36/68 MP: 10/10
  5903 | D:5      | Found a runed translucent door.
  5904 | D:5      | Noticed Crazy Yiuf
  6010 | D:5      | Killed Crazy Yiuf
  6144 | D:6      | Noticed a deep elf zephyrmancer
  6154 | D:6      | Killed a deep elf zephyrmancer
  6497 | D:6      | Found an ornate altar of the Wu Jian Council.
  6718 | D:6      | Noticed Prince Ribbit
  6722 | D:6      | Killed Prince Ribbit
  6722 | D:6      | Reached ** piety under Okawaru
  7141 | D:6      | Reached XP level 9. HP: 75/75 MP: 11/11
  7249 | D:6      | Found a shadowy altar of Dithmenos.
  7258 | D:6      | Found a shimmering blue altar of Sif Muna.
  7303 | D:7      | Found a flagged portal.
  7320 | Bailey   | Entered a bailey
  7913 | Bailey   | HP: 2/75 [orc/bolt (7)]
  7918 | Bailey   | Shot with a bolt by an orc warrior

Illustrated notes

Levels and vault maps discovered:
D:1:      wander_arrival_chamber, layout_basic, serial_shops, shop
D:2:      layout_rooms, basic_altar, ebering_ecumenical_altar_abandoned,
          corner_web_ring
D:3:      layout_loops_corners, bloody_makhleb,
          mainiacjoe_overflow_six_doors_small,
          mainiacjoe_overflow_surrounded_room, mainiacjoe_overflow_24_doors,
          ebering_ghost_sewer_d, serial_shops, shop, shop, shop_statue,
          nicolae_underground_beach
D:4:      layout_cave_pods
D:5:      layout_basic, minmay_temple_entry_junction_2, uniq_grinder,
          uniq_crazy_yiuf_cottage
D:6:      layout_basic, nzn_wu_jian_contemplation, mainiacjoe_overflow_swirl,
          minmay_gold_behind_fungi, st_stairs_3, guppyfry_early_elven_hall,
          uniq_prince_ribbit1
D:7:      cheibrodos_barr_body, layout_basic, lemuel_crystal_altar,
          grunt_gozag_statues, enter_bailey_3, minmay_fractal_squares_5
Temple:   compressed_dpeg_triangle_lava_temple
Bailey:   bailey_polearm_2, bailey

Skill      XL: |  1  2  3  4  5  6  7  8  9 |
---------------+----------------------------+-----
Shields        | 4 5 6 7 |  7.5
Axes           | 3 4 5 6 7 |  7.0
Fighting       | 4 5 6 |  6.1
Armour         | 4 5 6 |  6.2
Translocations | 1 2 3 |  3.7
Dodging        | 1 2 3 |  3.6
Spellcasting   | 1 2 |  2.0

Action                   |  1- 3 |  4- 6 |  7- 9 || total
-------------------------+-------+-------+-------++-------
Melee: War axe           |    80 |    67 |       ||   147
       Headbutt          |     8 |    10 |    18 ||    36
       Broad axe         |       |    36 |    90 ||   126
Throw: Javelin           |       |       |     2 ||     2
Evoke: Wand              |       |     7 |       ||     7
  Use: Scroll            |       |     7 |     5 ||    12
       Potion            |       |       |     6 ||     6
Armor: Scale mail        |    36 |       |       ||    36
       Plate armour      |       |    49 |    64 ||   113
Dodge: Dodged            |    39 |    32 |    33 ||   104
Block: Kite shield       |    46 |    62 |    91 ||   199
